 Dungeon Crawl Stone Soup version 0.27-a0-29-g2d0a2396b0 (webtiles) character file.

Game seed: 12989064383230964143

10984 tilp the Martial Artist (level 11, -3/78 HPs)
             Began as an Octopode Transmuter on Jan 3, 2021.
             Was an Elder of Nemelex Xobeh.
             Slain by a white ugly thing (18 damage)
             ... on level 11 of the Dungeon.
             The game lasted 00:42:27 (14998 turns).

tilp the Martial Artist (Octopode Transmuter)      Turns: 14998, Time: 00:42:27

Health: -3/78      AC:  2    Str: 10    XL:     11   Next: 70%
Magic:  14/15      EV: 24    Int: 19    God:    Nemelex Xobeh [****..]
Gold:   710        SH:  0    Dex: 17    Spells: 6/16 levels left

rFire    . . .     SeeInvis +     - Unarmed
rCold    . . .     Faith    .   (shield currently unavailable)
rNeg     . . .     Spirit   .   (helmet currently unavailable)
rPois    x         Reflect  .   a - amulet of regeneration
rElec    .         Harm     .   j - ring of see invisible
rCorr    .         Rampage  .   (no ring)
Will     .....                  (no ring)
Stlth    +++.......             (no ring)
HPRegen  0.63/turn              (no ring)
MPRegen  0.14/turn              (no ring)
                                (no ring)
                                (no ring)

@: spider-form, wereblooded
A: tiny, almost no armour, stealthy swim, (amphibious), 8 rings, (constrict 8)
a: End Transformation, Renounce Religion, Draw Escape, Draw Destruction, Draw
Summoning, Triple Draw, Deal Four


You were on level 11 of the Dungeon.
You worshipped Nemelex Xobeh.
Nemelex Xobeh was greatly pleased with you.
You were a venomous arachnid creature.
You visited 2 branches of the dungeon, and saw 13 of its levels.
You also visited: Sewer.

You collected 759 gold pieces.
You spent 49 gold pieces at shops.

Inventory:

Missiles
 d - 356 stones
 g - 4 curare-tipped darts {!f}
 p - 9 javelins
 r - 7 boomerangs
 s - a throwing net
 t - 16 poisoned darts (quivered)
Armour
 v - a +0 kite shield
Jewellery
 a - an amulet of regeneration (around neck)
 j - a ring of see invisible (left front leg)
 B - an uncursed amulet of faith
 G - an uncursed amulet of the acrobat
Wands
 e - a wand of digging (4)
 y - a wand of iceblast (13)
 D - a wand of acid (7)
 E - a wand of disintegration (17)
Scrolls
 f - 2 scrolls of immolation
 n - 6 scrolls of identify
 q - 2 scrolls of fear
 w - a scroll of amnesia
 x - 2 scrolls of teleportation
 z - a scroll of blinking
 A - 3 scrolls of remove curse
Potions
 b - a potion of berserk rage
 c - 5 potions of curing
 h - 3 potions of heal wounds
 i - 4 potions of brilliance
 k - 4 potions of flight
 l - a potion of ambrosia
 m - 2 potions of attraction
 o - 2 potions of might
 u - a potion of haste
 C - a potion of cancellation
 F - a potion of mutation


   Skills:
 + Level 8.3 Fighting
 - Level 6.0 Dodging
 - Level 4.0 Stealth
 + Level 2.1 Shields
 * Level 10.4 Unarmed Combat
 - Level 3.0 Spellcasting
 - Level 8.0 Transmutations
 - Level 2.0 Ice Magic
 - Level 2.0 Poison Magic
 - Level 6.0 Invocations
 - Level 4.0 Evocations


You had 6 spell levels left.
You knew the following spells:

 Your Spells              Type           Power        Failure   Level
a - Beastly Appendage     Tmut           66%          3%          1
b - Wereblood             Tmut           33%          4%          2
c - Spider Form           Tmut/Pois      10%          17%         3
d - Ice Form              Ice/Tmut       21%          38%         4

Your spell library contained the following spells:

 Spells                   Type           Power        Failure   Level
 Corona                   Hex            2%           34%         1
 Ensorcelled Hibernation  Hex/Ice        12%          34%         2
 Blade Hands              Tmut           16%          34%         5
 Confusing Touch          Hex            2%           63%         3
 Dazzling Flash           Conj/Hex       4%           63%         3
 Tukima's Dance           Hex            2%           63%         3


Dungeon Overview and Level Annotations

Branches:
Dungeon (12/15)            Temple (1/1) D:5            Lair (0/6) D:9
  Sewer (visited)
    Orc: D:9-12

Altars:
Ashenzari
Cheibriados
Dithmenos
Elyvilon
Fedhas
Gozag
Hepliaklqana
Kikubaaqudgha
Makhleb
Nemelex Xobeh
Okawaru
Qazlal
Ru
Sif Muna
Trog
Uskayaw
Vehumet
Wu Jian
Xom
Yredelemnul
Zin
The Shining One

Shops:
D:11 [

Annotations:
D:6 exclusion: phantom, Dowan; Duvessa; Grinder


Innate Abilities, Weirdness & Mutations

You cannot wear most types of armour.
You are very stealthy in the water. (Stealth+)
((You are amphibious.))
You can wear up to eight rings at the same time.
((You can use your tentacles to constrict eight enemies at once.))
((Your skin changes colour to match your surroundings (Stealth+).))
((Your rubbery body absorbs attacks. (AC +1, EV +1)))


Message History

You hit the acid dragon but do no damage.
The acid dragon is almost dead.
You hiss as the wereblood boils in your veins!
You hit the acid dragon.
The acid dragon is almost dead.
You kill the acid dragon!
The white ugly thing engulfs you! The white ugly thing freezes you!
* * * LOW HITPOINT WARNING * * *
You climb upwards.
There is a stone staircase leading down here.
Unknown command.
The white ugly thing completely misses you.
The white ugly thing misses you.
Really crawl into that dispersal trap?
You enter a dispersal trap!
The white ugly thing blinks!
You blink.
The white ugly thing engulfs you!
* * * LOW HITPOINT WARNING * * *
The white ugly thing freezes you!!
You die...
Your body glows with a rainbow of weird colours and disappears.

..##.##.#..#.##..#
#....##......
#.##.##.#........#
#.##.##)#####
..........##.##..####.##.##)#
#....##.####)###.#........).#
.............# #.........####
.##..##.##...# #.<.......#
.##.....##...# #.........#
.............# #u........#
.###.##.#....###s........##
.# #.####....'............#
####'#####...##.######....#
.........#...##.# #....#
###......#...##.# #....#
..#......#...##.######....#
##
#.#......######......#....#
#. #.#......# ######.#....#
#. ###......# #.#....# ####.


You could see a white ugly thing.

Vanquished Creatures
  A hydra (D:11)
  2 two-headed ogres (D:10)
  An unseen horror (D:11)
  A cyclops (D:11)
  A troll (D:10)
  The ghost of askman the Skirmisher, an amateur DsFi (D:3)
  A hornet (D:8)
  A spriggan (D:8)
  3 yaks (D:10)
  A shadow (D:11)
  Eustachio (D:6)
  4 wargs
  Edmund (D:4)
  An acid dragon (D:12)
  2 ice beasts
  2 orc warriors
  4 sky beasts
  2 black bears
  2 phantoms
  2 necrophages
  An eye of draining (D:11)
  6 ogres
  A centaur (D:6)
  3 big kobolds
  4 bullfrogs
  5 scorpions
  6 killer bees (D:10)
  8 wights
  A quasit (D:7)
  2 centaur zombies
  A jelly (D:7)
  A gnoll shaman (D:5)
  4 orc priests
  A bullfrog skeleton (D:4)
  3 centaur skeletons
  5 hounds
  9 worker ants
  3 iguanas
  6 orc wizards
  A killer bee zombie (D:5)
  4 hound zombies
  A worker ant zombie (D:7)
  13 gnolls
  15 adders
  A river rat (Sewer)
  2 shadow imps
  5 white imps
  7 ufetubi
  An ooze (D:3)
  5 worms
  2 dart slugs
  7 leopard geckos
  21 orcs
  A ball python (D:1)
  7 giant cockroaches
  5 hobgoblins
  12 jackals
  6 quokkas
  6 bats
  5 frilled lizards
  10 goblins
  20 kobolds
  A leopard gecko skeleton (D:5)
  A quokka zombie (D:5)
  12 rats
275 creatures vanquished.

Vanquished Creatures (collateral kills)
  A deep troll (D:8)
1 creature vanquished.

Grand Total: 276 creatures vanquished

Notes
Turn   | Place    | Note
-------+----------+-------------------------------------------
     0 | D:1      | tilp the Octopode Transmuter began the quest for the Orb.
     0 | D:1      | Reached XP level 1. HP: 13/13 MP: 3/3
   130 | D:1      | Reached skill level 1 in Stealth
   362 | D:1      | Reached XP level 2. HP: 15/18 MP: 3/5
   377 | D:1      | Learned a level 2 spell: Wereblood
   626 | D:1      | Reached XP level 3. HP: 23/23 MP: 3/6
  1438 | D:2      | You fall into a shaft and drop 2 floors!
  1451 | D:3      | Reached XP level 4. HP: 10/29 MP: 5/7
  1597 | D:3      | Found a faded altar of an unknown god.
  2173 | D:1      | Reached skill level 4 in Unarmed Combat
  2290 | D:2      | Reached XP level 5. HP: 34/34 MP: 4/8
  2409 | D:2      | Learned a level 3 spell: Spider Form
  2860 | D:3      | Found a transporter.
  2860 | D:3      | Noticed askman's ghost (amateur DsFi)
  2893 | D:3      | Found a transporter.
  3734 | D:4      | Reached XP level 6. HP: 29/39 MP: 5/9
  3960 | D:4      | Noticed Edmund
  4405 | D:5      | Entered Level 5 of the Dungeon
  4440 | D:5      | Reached skill level 5 in Transmutations
  4440 | D:5      | Reached skill level 1 in Poison Magic
  4702 | D:5      | Found a broken altar of Ashenzari.
  4996 | D:5      | Reached XP level 7. HP: 35/45 MP: 8/10
  5080 | D:5      | Found a staircase to the Ecumenical Temple.
  5089 | Temple   | Entered the Ecumenical Temple
  5250 | Temple   | Became a worshipper of Nemelex Xobeh the Trickster
  5889 | D:6      | Found a glowing drain.
  5893 | Sewer    | Entered a sewer
  6020 | Sewer    | Found a glowing silver altar of Zin.
  6457 | D:6      | Reached skill level 1 in Invocations
  6457 | D:6      | Reached XP level 8. HP: 54/54 MP: 8/11
  6860 | D:6      | Noticed Grinder
  7056 | D:6      | Noticed Eustachio
  7247 | D:6      | Killed Eustachio
  7569 | D:6      | Noticed Duvessa
  7569 | D:6      | Noticed Dowan
  7769 | D:7      | Reached skill level 5 in Unarmed Combat
  7833 | D:7      | Reached * piety under Nemelex Xobeh
  7941 | D:7      | Received a gift from Nemelex Xobeh
  8526 | D:7      | Reached ** piety under Nemelex Xobeh
  8738 | D:7      | Reached skill level 6 in Unarmed Combat
  8818 | D:6      | Reached XP level 9. HP: 22/59 MP: 7/12
  9224 | D:7      | Learned a level 4 spell: Ice Form
  9358 | D:8      | Reached skill level 5 in Fighting
  9455 | D:8      | Noticed a two-headed ogre
  9492 | D:8      | Noticed a hornet
  9804 | D:8      | Killed a hornet
  9805 | D:8      | Reached skill level 7 in Unarmed Combat
  9805 | D:8      | Reached skill level 1 in Evocations
  9840 | D:8      | Noticed a deep troll
  9840 | D:8      | a two-headed ogre changed into a deep troll
  9845 | D:8      | Killed a deep troll
 10033 | D:9      | Reached *** piety under Nemelex Xobeh
 10067 | D:8      | Reached skill level 8 in Unarmed Combat
 10070 | D:8      | Reached skill level 1 in Ice Magic
 10159 | D:9      | Reached XP level 10. HP: 34/68 MP: 3/13
 10235 | D:9      | Found a staircase to the Lair.
 10712 | D:9      | Received a gift from Nemelex Xobeh
 11113 | D:9      | Received a gift from Nemelex Xobeh
 11192 | D:10     | Entered Level 10 of the Dungeon
 11384 | D:10     | Reached **** piety under Nemelex Xobeh
 11831 | D:10     | Noticed a two-headed ogre
 11840 | D:10     | Killed a two-headed ogre
 11874 | D:10     | Noticed Erolcha
 11985 | D:10     | Noticed Erolcha
 11985 | D:10     | Erolcha changed into Erolcha the warg
 11996 | D:10     | Killed Erolcha the warg
 12408 | D:10     | Noticed a two-headed ogre
 12420 | D:10     | Reached skill level 5 in Invocations
 12435 | D:10     | Killed a two-headed ogre
 12436 | D:10     | Reached skill level 5 in Dodging
 12534 | D:10     | Received a gift from Nemelex Xobeh
 12973 | D:11     | Reached XP level 11. HP: 75/75 MP: 9/15
 13076 | D:11     | Found Lieng's Armour Emporium.
 13103 | D:11     | Reached skill level 9 in Unarmed Combat
 13146 | D:11     | Bought a +0 kite shield for 49 gold pieces
 13261 | D:11     | Noticed an unseen horror
 13263 | D:11     | Received a gift from Nemelex Xobeh
 13266 | D:11     | Killed an unseen horror
 13448 | D:11     | Noticed a cyclops
 13459 | D:11     | Killed a cyclops
 13665 | D:11     | Noticed a four-headed hydra
 13681 | D:11     | Killed a four-headed hydra
 13682 | D:11     | Reached skill level 10 in Unarmed Combat
 13682 | D:11     | Reached skill level 1 in Shields
 14220 | D:3      | Killed askman's ghost
 14690 | D:4      | Killed Edmund
 14968 | D:12     | Noticed a white ugly thing
 14998 | D:11     | Slain by a white ugly thing

Illustrated notes

Levels and vault maps discovered:
D:1:      lemuel_arrival_behind_the_door_large, layout_basic
D:2:      wad_pebble_path, layout_rooms, minmay_split_cup_small
D:3:      layout_basic, gammafunk_ghost_arena,
          chequers_ecumenical_altar_simple_redux
D:4:      layout_rooms, uniq_edmund
D:5:      layout_basic, evilmike_ruin_ashenzari, minmay_temple_entry_slanted,
          minmay_misc_feat_pillars, corexii_hall_statues_i, grunt_ministairs_10,
          hangedman_decor_points
D:6:      layout_basic, gup_sewer_entry_spiral, uniq_duvessa, uniq_eustachio,
          uniq_grinder
D:7:      layout_layer_cave
D:8:      layout_basic, the_bakery
D:9:      layout_stronghold, erik_lair_orcish_takeover, serial_co_window_serial,
          co_window_cross_1, co_window_corner_a, co_window_corner_a,
          co_window_paths_a, co_window_corner_a, co_window_of_opportunity_a,
          co_window_of_opportunity_a, co_window_of_opportunity_a,
          co_window_paths_a, co_window_corner_b, co_window_broadway_c,
          co_window_broadway_b
D:10:     layout_loops_ring, nicolae_twisting_strands, uniq_erolcha
D:11:     layout_basic, serial_shops, shop, kennysheep_generic_room_13
D:12:     layout_rooms, david_orc_2, einodemon_barbed_minivault
Temple:   kilobyte_greek_temple

Skill      XL: |  1  2  3  4  5  6  7  8  9 10 11 |
---------------+----------------------------------+-----
Stealth        | 1 2 4 |  4.0
Fighting       | 2 4 6 7 8 |  8.3
Unarmed Combat | 4 6 8 10 | 10.4
Transmutations | 4 5 6 8 |  8.0
Poison Magic   | 2 |  2.0
Dodging        | 4 5 6 |  6.0
Invocations    | 1 4 5 6 |  6.0
Evocations     | 4 |  4.0
Ice Magic      | 2 |  2.0
Spellcasting   | 3 |  3.0
Shields        | 2 |  2.1

Action                   |  1- 3 |  4- 6 |  7- 9 | 10-12 || total
-------------------------+-------+-------+-------+-------++-------
Melee: Unarmed           |    82 |   133 |   295 |   348 ||   858
       Constrict         |    23 |    33 |    51 |     6 ||   113
       Kick              |    16 |    33 |    66 |     7 ||   122
       Tentacles         |     6 |    29 |    33 |     5 ||    73
       Punch             |       |     3 |     6 |     2 ||    11
Throw: Stone             |    10 |    21 |     4 |       ||    35
       Dart              |       |       |    11 |     6 ||    17
       Javelin           |       |       |     2 |       ||     2
 Cast: Beastly Appendage |    14 |    35 |    38 |     4 ||    91
       Wereblood         |     6 |     8 |    20 |    21 ||    55
       Spider Form       |       |       |    13 |    28 ||    41
       Ice Form          |       |       |       |    12 ||    12
Invok: Draw Destruction  |       |       |     3 |     3 ||     6
       Draw Summoning    |       |       |     1 |       ||     1
  Use: Scroll            |     2 |     5 |     7 |    11 ||    25
       Potion            |       |     1 |     2 |     1 ||     4
 Stab: Sleeping          |     2 |    10 |    11 |     8 ||    31
Armor: Skin              |     8 |     8 |    11 |    21 ||    48
Dodge: Dodged            |    43 |    55 |   197 |   249 ||   544

Table legend: (Time is in decaauts)
 A = Elapsed time spent in this place.
 B = Non-inter-level travel time spent in this place.
 C = Inter-level travel time spent in this place.
 D = Time resting spent in this place.
 E = Time spent auto-exploring this place.
 F = Levels seen in this place.
 G = Mean time per level.
                   A        B        C        D        E       F      G
               +--------+--------+--------+--------+--------+-----+--------+
         Total |  14923 |  12978 |   1945 |   2150 |   7194 |  14 | 1065.9 |
       Dungeon |  14568 |  12679 |   1889 |   2150 |   6968 |  12 | 1214.0 |
        Temple |    193 |    137 |     56 |      0 |    136 |   1 |  193.0 |
         Sewer |    161 |    161 |      0 |      0 |     90 |   1 |  161.0 |
               +--------+--------+--------+--------+--------+-----+--------+

Top non-repeatable levels by time:
     D:6: 1939 daAuts
     D:3: 1850 daAuts
    D:10: 1692 daAuts
     D:7: 1395 daAuts
     D:5: 1368 daAuts
     D:1: 1317 daAuts
    D:11: 1126 daAuts
     D:9: 1116 daAuts
     D:4: 981 daAuts
     D:8: 972 daAuts
     D:2: 796 daAuts
  Temple: 193 daAuts
   Sewer: 161 daAuts
    D:12: 12 daAuts
